 Dungeon Crawl Stone Soup version 0.27-a0-1139-g28e009f8a6 (webtiles) character file.

Game seed: 11118252637860626403

23 Froggeryz the Sneak (level 2, -5/23 HPs)
             Began as a Draconian Wanderer on May 7, 2021.
             Slain by Terence
             ... wielding a +0 flail
              (7 damage)
             ... on level 2 of the Dungeon.
             The game lasted 00:01:30 (1127 turns).

Froggeryz the Sneak (Draconian Wanderer)            Turns: 1127, Time: 00:01:30

Health: -5/23      AC:  4    Str: 12    XL:     2   Next: 75%
Magic:  2/2        EV: 12    Int: 12    God:
Gold:   39         SH:  0    Dex: 12    Spells: 1/1 levels left

rFire    . . .     SeeInvis .   a - +3 short sword
rCold    . . .     Faith    .   (no shield)
rNeg     . . .     Spirit   .   (armour unavailable)
rPois    .         Reflect  .   (helmet restricted)
rElec    .         Harm     .   (no cloak)
rCorr    .         Rampage  .   (no gloves)
Will     .....                  (no boots)
Stlth    ++........             (no amulet)
HPRegen  0.07/turn              (no ring)
MPRegen  0.08/turn              (no ring)

@: no status effects
A: AC +4, unfitting armour, cold-blooded
a: no special abilities


You were on level 2 of the Dungeon.
You visited 1 branch of the dungeon, and saw 2 of its levels.

You collected 39 gold pieces.

Inventory:

Hand Weapons
 a - a +3 short sword (weapon)
Missiles
 h - 18 poisoned darts (quivered)
Scrolls
 f - a scroll of enchant weapon
Potions
 b - a potion of lignification
 c - a potion of curing
 e - 2 potions of mutation {unknown}
 g - a potion of flight {unknown}


   Skills:
 - Level 1.1 Fighting
 - Level 2.0 Short Blades
 - Level 2.6 Dodging
 - Level 2.6 Stealth
 - Level 1.0 Shields
 + Level 2.5 Unarmed Combat


You had one spell level left.
You didn't know any spells.
Your spell library was empty.

Dungeon Overview and Level Annotations

Branches:
Dungeon (2/15)

Altars:

Annotations:
D:2 Terence


Innate Abilities, Weirdness & Mutations

Your plain brown scales are hard. (AC +4)
You cannot fit into any form of body armour.
You are cold-blooded and may be slowed by cold attacks.


Message History

Terence closely misses you.
Throw: 22 darts (poison)
Press: ? - help, Q - select action Shift-Dir - straight line, f/p - Terence
Aim: Terence, wielding a +0 flail and wearing a +4 scale mail of positive energy (60% to hit)
You throw a poisoned dart.
The poisoned dart closely misses Terence.
The poisoned dart closely misses the rat.
Unknown command.
Terence says, "Time to say good-bye..."
Throw: 21 darts (poison)
Press: ? - help, Q - select action Shift-Dir - straight line, f/p - Terence
Aim: Terence, wielding a +0 flail and wearing a +4 scale mail of positive energy (60% to hit)
You throw a poisoned dart. The poisoned dart hits Terence.
Terence is poisoned.
Terence hits you but does no damage.
Throw: 20 darts (poison)
Press: ? - help, Q - select action Shift-Dir - straight line, f/p - Terence
Aim: Terence, wielding a +0 flail and wearing a +4 scale mail of positive energy (lightly wounded, poisoned, 60% to hit)
You throw a poisoned dart.
The poisoned dart closely misses Terence.
The poisoned dart hits the rat.
The rat is poisoned.
Terence hits you with a +0 flail!
Terence looks more healthy.
Terence looks scornfully at you.
You kill the rat!
Terence hits you with a +0 flail.
A rat comes into view.
Throw: 19 darts (poison)
Press: ? - help, Q - select action Shift-Dir - straight line, f/p - Terence
Aim: Terence, wielding a +0 flail and wearing a +4 scale mail of positive energy (moderately wounded, 60% to hit)
You throw a poisoned dart. The poisoned dart hits Terence.
Terence is poisoned.
Terence is moderately wounded.
Terence barely misses you.
Unknown command.
You hit the rat but do no damage. Terence hits you with a +0 flail!
* * * LOW HITPOINT WARNING * * *
The rat barely misses you.
You hit the rat.
Your tail-slap misses the rat.
The rat is moderately wounded.
Terence hits you with a +0 flail!
You die...

##.#,*,*,*************,,>,,,,,,,,
#.#,*,*,* *,,*,*,********
#)#,*,*,* *,,*,*,*******
#.#,,,,,*###******,,*,*,,,,,,,**
#.#**,***...,,,,,,,,*,*,,**,,,,,
#(# *,* *#.#******,**,*,,**,*,*,
#.# *,* #.# *,,,,*,,,,,,,,, #.#
#.####.##########.#**,,,8,,, #.#
#........(@@r......,,,,8,8,,
#.########.############*,,8,_,8,
#......(†..# *,,,8,8,,
############ *,,,,8,,, **,,,,,,,
******,, **, *, *,


You could see Terence (poisoned) and a rat.

Vanquished Creatures
  4 endoplasms
  3 goblins (D:1)
  A hobgoblin (D:1)
  A ball python (D:1)
  3 bats (D:1)
  A frilled lizard (D:1)
  5 kobolds
  6 rats
24 creatures vanquished.

Notes
Turn   | Place    | Note
-------+----------+-------------------------------------------
     0 | D:1      | Froggeryz the Draconian Wanderer began the quest for the
                  | Orb.
     0 | D:1      | Froggeryz set off with the following items: a +2 short
                  | sword, a potion of lignification, a potion of curing, a +0
                  | dagger
     0 | D:1      | Reached XP level 1. HP: 16/16 MP: 1/1
   180 | D:1      | Reached skill level 1 in Unarmed Combat
   320 | D:1      | Reached XP level 2. HP: 17/23 MP: 2/2
  1088 | D:2      | Noticed Terence
  1127 | D:2      | Slain by Terence

Illustrated notes

Levels and vault maps discovered:
D:1:      dpeg_arrival_windows_large_door, layout_basic, minmay_close_crescents
D:2:      layout_basic, basic_altar, chequers_ecumenical_altar_simple_redux,
          uniq_crazy_yiuf_cottage, uniq_terence

Skill      XL: |  1  2 |
---------------+-------+-----
Unarmed Combat | 1 2 |  2.5
Fighting       | |  1.1
Short Blades   | |  2.0
Dodging        | |  2.6
Stealth        | |  2.6
Shields        | |  1.0

Action                   || total
-------------------------++-------
Melee: Short sword       ||    60
       Tailslap          ||     6
Throw: Dart              ||     5
  Use: Scroll            ||     4
 Stab: Sleeping          ||     4
Armor: Skin              ||    19
Dodge: Dodged            ||    37

Table legend: (Time is in decaauts)
 A = Elapsed time spent in this place.
 B = Non-inter-level travel time spent in this place.
 C = Inter-level travel time spent in this place.
 D = Time resting spent in this place.
 E = Time spent auto-exploring this place.
 F = Levels seen in this place.
 G = Mean time per level.
                   A        B        C        D        E       F      G
               +--------+--------+--------+--------+--------+-----+--------+
         Total |   1126 |   1063 |     63 |      0 |    884 |   2 |  563.0 |
       Dungeon |   1126 |   1063 |     63 |      0 |    884 |   2 |  563.0 |
               +--------+--------+--------+--------+--------+-----+--------+

Top non-repeatable levels by time:
     D:1: 1061 daAuts
     D:2: 65 daAuts
